 Dungeon Crawl Stone Soup version 0.26-a0-58-g79b31b8662 (webtiles) character file.

Game seed: 17370888942703336352

4578 Ozzies the Fighter (level 10, -3/68 HPs)
             Began as a Gargoyle Fighter on June 8, 2020.
             Slain by a red ugly thing (19 damage)
             ... on level 11 of the Dungeon.
             The game lasted 00:22:57 (9882 turns).

Ozzies the Fighter (Gargoyle Fighter)               Turns: 9882, Time: 00:22:58

Health: -3/68      AC: 18    Str: 23    XL:     10   Next: 41%
Magic:  10/10      EV: 10    Int:  9    God:
Gold:   579        SH: 10    Dex:  9    Spells: 9/9 levels left

rFire    . . .     SeeInvis .   C - +1 flail (venom)
rCold    + . .     Gourm    .   c - +0 kite shield
rNeg     + . .     Faith    .   l - +2 ring mail {rC+}
rPois    ∞         Spirit   .   t - +0 helmet
rElec    +         Reflect  .   D - +0 cloak
rCorr    .         Harm     .   (no gloves)
MR       .....                  (no boots)
Stlth    ..........             (no amulet)
HPRegen  0.21/turn              (no ring)
MPRegen  0.12/turn              (no ring)

@: no status effects
A: negative energy resistance 1, electricity resistance, unbreathing,
petrification resistance, rot immunity, AC +7
a: no special abilities


You were on level 11 of the Dungeon.
You were not hungry.

You visited 1 branch of the dungeon, and saw 9 of its levels.
You also visited: Sewer and Ossuary.

You collected 579 gold pieces.

Inventory:

Hand Weapons
 a - a +0 flail
 r - a +0 mace of holy wrath
 C - a +1 flail of venom (weapon)
 F - the +4 quarterstaff of Ytutof Bair {freeze, rN+ Int+3, unknown}
   (You found it on level 7 of the Dungeon)

   It has been specially enchanted to freeze those struck by it, causing extra
   injury to most foes and up to half again as much damage against particularly
   susceptible opponents.
   It can also slow down cold-blooded creatures.
   It affects your intelligence (+3).
   It protects you from negative energy.
 J - a +0 morningstar
 K - a +0 dagger
Armour
 b - a +0 scale mail
 c - a +0 kite shield (worn)
 l - a +2 ring mail of cold resistance (worn)
 t - a +0 helmet (worn)
 D - a +0 cloak (worn)
 M - a +2 leather armour of magic resistance
Magical Staves
 x - an uncursed staff of conjuration
Jewellery
 m - an uncursed amulet of regeneration {unknown}
Wands
 n - a wand of iceblast (28)
Scrolls
 e - 2 scrolls of noise {unknown}
 g - a scroll of enchant weapon {unknown}
 h - 3 scrolls of teleportation {unknown}
 j - 17 scrolls of identify
 k - 5 scrolls of remove curse
 o - 2 scrolls of fog {unknown}
 p - 4 scrolls of magic mapping {unknown}
 y - a scroll of amnesia {unknown}
 z - 2 scrolls of fear {unknown}
 A - 2 scrolls of blinking {unknown}
 H - 2 scrolls of enchant armour {unknown}
 I - 2 scrolls of vulnerability {unknown}
 L - a scroll of silence {unknown}
Potions
 d - 3 potions of might
 i - 2 potions of ambrosia {unknown}
 q - 3 potions of mutation {unknown}
 s - 7 potions of curing
 u - a potion of haste {unknown}
 v - 2 potions of lignification {unknown}
 w - a potion of invisibility {unknown}
 B - 2 potions of stabbing {unknown}
 E - a potion of magic {unknown}
 G - a potion of resistance {unknown}
Comestibles
 f - 20 rations
 N - a chunk of flesh


   Skills:
 + Level 10.8 Fighting
 + Level 8.1 Maces & Flails
 + Level 6.7 Armour
 - Level 3.0 Dodging
 + Level 6.7 Shields


You had 9 spell levels left.
You didn't know any spells.
Your spell library contained the following spells:

 Spells                   Type           Power        Failure   Level  Hunger
 Animate Skeleton         Necr           N/A          87%         1    ##.....
 Apportation              Tloc           #.....       87%         1    ##.....
 Corona                   Hex            #......      87%         1    ##.....
 Summon Small Mammal      Summ           #...         87%         1    ##.....
 Confusing Touch          Hex            #.......     99%         3    ####...
 Gell's Gravitas          Tloc           #.........   99%         3    ####...
 Leda's Liquefaction      Hex/Erth       #.........   100%        4    #####..
 Petrify                  Tmut/Erth      #.......     100%        4    #####..
 Bolt of Magma            Conj/Fire/Erth #.........   100%        5    ######.
 Metabolic Englaciation   Hex/Ice        #.........   100%        5    ######.
 Yara's Violent Unravell  Hex/Tmut       #.........   100%        5    ######.
 Iron Shot                Conj/Erth      #.........   100%        6    #######
 Shatter                  Erth           #.........   100%        9    #######
 Statue Form              Tmut/Erth      Unusable     N/A         6    N/A

Dungeon Overview and Level Annotations

Branches:
Dungeon (8/15)              Sewer (visited)         Ossuary (visited)
 Temple: D:4-7         Lair: D:8-11

Altars:
Cheibriados


Innate Abilities, Weirdness & Mutations

You are resistant to torment.
Your stone body is resilient. (AC +7)
You are immune to poison.
You resist negative energy. (rN+)
You are resistant to electric shocks. (rElec)
You can survive without breathing.
You are immune to petrification.
You are immune to rotting.


Message History

You are too injured to fight recklessly!
You are too injured to fight recklessly!
You are too injured to fight recklessly!
You are too injured to fight recklessly!
You are too injured to fight recklessly!
You are too injured to fight recklessly!
You are too injured to fight recklessly!
You are too injured to fight recklessly!
You are too injured to fight recklessly!
You are too injured to fight recklessly!
You are too injured to fight recklessly!
You closely miss the red ugly thing.
The red ugly thing is moderately wounded.
You block the red ugly thing's attack.
You closely miss the red ugly thing.
The red ugly thing is moderately wounded.
The red ugly thing claws you!
* * * LOW HITPOINT WARNING * * *
You are engulfed in flames!!
You die...

#.....####
####...#########.#.#
..#...#........####
.#...#.......##
#...#........####
#...#.......#.#.#
#...##########..####
#..u# ##..... #..@#
######
#...############
#..........>...#
###.###..#####.# #.#
#(.# #.# ### #.#
#..# #.# #.# #.#
#..# #.# #.# #.#
#..# #.###.# ...
...# #.##..#


You could see a red ugly thing (very poisoned).

Vanquished Creatures
  A spriggan (D:7)
  A wyvern (D:4)
  Edmund (D:5)
  An orc warrior (D:7)
  2 black bears (D:8)
  An eye of draining (D:8)
  3 ice beasts
  3 ogres
  A phantom (D:4)
  4 centaurs
  2 big kobolds
  3 bullfrogs
  13 scorpions
  The ghost of bmj180 the Conjurer, a weakling DrCj (D:3)
  2 electric eels (D:7)
  3 howler monkeys
  5 crimson imps
  2 centaur zombies
  A hound (D:8)
  2 human zombies (Ossuary)
  A jelly (D:8)
  7 orc priests
  A centaur skeleton (D:6)
  A gnoll shaman (D:7)
  A bullfrog skeleton (D:6)
  6 orc wizards
  3 iguanas
  6 worker ants
  3 big kobold zombies (Ossuary)
  Robin (D:3)
  3 mummies (Ossuary)
  3 gnolls (D:7)
  A howler monkey skeleton (D:4)
  A river rat (D:5)
  18 adders
  2 scorpion zombies (Ossuary)
  A shadow imp (D:5)
  15 oozes
  8 worms
  10 leopard geckos (Sewer)
  32 orcs
  13 giant cockroaches
  3 gnoll zombies (Ossuary)
  8 hobgoblins
  4 jackals
  17 kobolds
  2 quokkas
  11 ball pythons
  18 bats
  20 frilled lizards
  14 goblins
  3 goblin zombies (Ossuary)
  3 hobgoblin zombies (Ossuary)
  2 jackal skeletons (D:4)
  3 kobold zombies (Ossuary)
  An orc zombie (Ossuary)
  10 rats
308 creatures vanquished.

Vanquished Creatures (others)
  An adder (D:7)
  2 orcs (D:7)
3 creatures vanquished.

Grand Total: 311 creatures vanquished

Notes
Turn   | Place    | Note
-------+----------+-------------------------------------------
     0 | D:1      | Ozzies the Gargoyle Fighter began the quest for the Orb.
     0 | D:1      | Reached XP level 1. HP: 14/14 MP: 1/1
   230 | D:1      | Reached XP level 2. HP: 20/20 MP: 2/2
   440 | D:1      | Reached skill level 4 in Fighting
   896 | D:2      | Reached XP level 3. HP: 20/24 MP: 3/3
  1213 | D:2      | Reached XP level 4. HP: 30/30 MP: 4/4
  1526 | D:2      | Reached skill level 5 in Fighting
  1814 | D:3      | Noticed Robin
  1827 | D:3      | Reached XP level 5. HP: 34/35 MP: 5/5
  2106 | D:3      | Reached skill level 6 in Fighting
  2284 | D:3      | Killed Robin
  2284 | D:3      | Reached XP level 6. HP: 25/41 MP: 6/6
  2563 | D:3      | Found a runed translucent gate.
  2563 | D:3      | Found a runed translucent gate.
  2563 | D:3      | Noticed bmj180's ghost (weakling DrCj)
  2564 | D:3      | Found a runed translucent gate.
  2580 | D:3      | Killed bmj180's ghost
  2967 | D:4      | Noticed a wyvern
  2982 | D:4      | Killed a wyvern
  2982 | D:4      | Reached skill level 7 in Fighting
  2982 | D:4      | Reached skill level 5 in Maces & Flails
  2982 | D:4      | Reached XP level 7. HP: 15/48 MP: 7/7
  3369 | D:4      | Reached skill level 1 in Dodging
  3498 | D:4      | Reached XP level 8. HP: 41/54 MP: 8/8
  3915 | D:5      | Entered Level 5 of the Dungeon
  4043 | D:5      | Found a glowing drain.
  4075 | Sewer    | Entered a sewer
  4406 | Sewer    | Reached skill level 8 in Fighting
  4989 | D:5      | Noticed Edmund
  5018 | D:5      | Killed Edmund
  5128 | D:5      | Found a snail-covered altar of Cheibriados.
  5878 | D:6      | Reached skill level 9 in Fighting
  5878 | D:6      | Reached skill level 5 in Shields
  5878 | D:6      | Reached XP level 9. HP: 49/60 MP: 9/9
  6037 | D:6      | Reached skill level 5 in Armour
  6459 | D:7      | Got a steaming quarterstaff
  6770 | D:7      | Found a sand-covered staircase.
  6776 | Ossuary  | Entered an ossuary
  6899 | Ossuary  | Reached skill level 10 in Fighting
  8055 | D:7      | Reached XP level 10. HP: 59/68 MP: 10/10
  9599 | D:8      | You fall into a shaft and drop 3 floors!
  9874 | D:11     | Noticed a red ugly thing
  9882 | D:11     | Slain by a red ugly thing

Illustrated notes

Levels and vault maps discovered:
D:1:      lightli_arrival_farm, layout_basic
D:2:      layout_basic
D:3:      layout_loops_ring, first_ration, ebering_ghost_rock_garden, uniq_robin
D:4:      layout_cave_pools
D:5:      layout_basic, lemuel_crystal_altar, minmay_temple_entry_from_below_a,
          portal_sewer_entry_a, uniq_edmund
D:6:      layout_gridville, minmay_misc_feat_diagonals, roderic_batcave
D:7:      layout_basic, nicolae_ossuary_entry_plus, nrook_pool_corridor,
          the_bakery
D:8:      layout_basic
D:11:     layout_loops_ring, erik_orc_1, serial_co_window_serial,
          co_window_paths_b, co_window_paths_a, co_window_paths_b,
          co_window_paths_a, co_window_paths_a, co_window_corner_a,
          co_window_of_opportunity_c, co_window_corner_b,
          co_window_unsneaky_path_e, co_window_corner_b, co_window_2corner,
          co_window_4corner_b, glass_columns_c, glass_columns_b,
          glass_columns_a, serial_shops, shop_scrolls

Skill      XL: |  1  2  3  4  5  6  7  8  9 10 |
---------------+-------------------------------+-----
Fighting       | 4 5 6 7 9 10 | 10.8
Maces & Flails | 3 5 6 7 8 |  8.1
Dodging        | 1 2 3 |  3.0
Shields        | 5 6 |  6.7
Armour         | 4 5 6 |  6.7

Action                   |  1- 3 |  4- 6 |  7- 9 | 10-12 || total
-------------------------+-------+-------+-------+-------++-------
Melee: Flail             |   116 |   218 |   693 |   149 ||  1176
       Mace              |       |       |   188 |       ||   188
  Use: Scroll            |       |     2 |       |       ||     2
       Potion            |       |       |     1 |       ||     1
  Eat: Chunk             |     1 |     6 |    13 |     5 ||    25
       Ration            |       |       |     2 |       ||     2
Armor: Scale mail        |    47 |       |       |       ||    47
       Ring mail         |    15 |   115 |   510 |    60 ||   700
Dodge: Dodged            |    38 |    64 |   369 |    44 ||   515
Block: Kite shield       |    80 |   114 |   561 |    55 ||   810

Table legend:
 A = Non-vault XP
 B = Vault XP
 C = Vault XP percentage of total XP
 D = Non-vault monster count
 E = Vault monster count
 F = Vault count percentage of total count
                 A         B        C        D         E       F
            +---------+---------+-------+---------+---------+-------
      Total |    4932 |    1608 |  24.6 |     191 |     117 |  38.0
            +---------+---------+-------+---------+---------+-------
        D:1 |      30 |       0 |   0.0 |      22 |       0 |   0.0
        D:2 |      98 |       0 |   0.0 |      25 |       0 |   0.0
        D:3 |     273 |      96 |  26.0 |      29 |      12 |  29.3
        D:4 |     771 |       0 |   0.0 |      24 |       0 |   0.0
        D:5 |     356 |     210 |  37.1 |      10 |       9 |  47.4
        D:6 |     995 |      13 |   1.3 |      24 |       9 |  27.3
        D:7 |    1010 |     229 |  18.5 |      32 |       1 |   3.0
        D:8 |    1114 |       0 |   0.0 |      19 |       0 |   0.0
       D:11 |     285 |       0 |   0.0 |       6 |       0 |   0.0
      Sewer |       0 |     200 | 100.0 |       0 |      54 | 100.0
    Ossuary |       0 |     860 | 100.0 |       0 |      32 | 100.0
            +---------+---------+-------+---------+---------+-------
